 Dungeon Crawl Stone Soup version 0.25-a0-589-g1e14c549ee (webtiles) character file.

Game seed: 11566343695557146258, levelgen mode: deterministic

46 An17 the Vexing (level 3, 0/14 HPs)
             Began as a Felid Enchanter on Mar 11, 2020.
             Slain by Natasha (7 damage)
             ... on level 1 of the Dungeon.
             The game lasted 00:06:10 (1514 turns).

An17 the Vexing (Felid Enchanter)                   Turns: 1514, Time: 00:06:11

Health: 0/14       AC:  1    Str:  4    XL:     3   Next: 46%
Magic:  1/7        EV: 18    Int: 16    God:
Gold:   139        SH:  0    Dex: 17    Spells: 1/6 levels left
                                        Lives:  0   Deaths: 0

rFire    . . .     SeeInvis +     - Unarmed
rCold    . . .     Gourm    .   (shield unavailable)
rNeg     . . .     Faith    .   (armour unavailable)
rPois    .         Spirit   .   (helmet unavailable)
rElec    .         Reflect  .   (cloak unavailable)
rCorr    .         Harm     .   (gloves unavailable)
MR       .....                  (boots unavailable)
Stlth    +++.......             (no amulet)
HPRegen  0.04/turn              (no ring)
MPRegen  0.10/turn              (no ring)

@: slowed, slow
A: very small, no armour, no weapons or thrown items, stealth, claws 1, fangs 3,
see invisible, carnivore, speed 1, shaggy fur 1, slow metabolism 1, sharp paws
a: no special abilities


You were on level 1 of the Dungeon.
You were not hungry.

You visited 1 branch of the dungeon, and saw 2 of its levels.

You collected 139 gold pieces.

Inventory:

Missiles
 g - 17 poisoned darts
Scrolls
 a - a scroll of remove curse
 c - a scroll of blinking
 e - a scroll of enchant armour {unknown}
 f - a scroll of fog {unknown}
 h - a scroll of identify {unknown}
 i - a scroll of teleportation
Potions
 d - 2 potions of magic {unknown}
Comestibles
 b - 2 rations


   Skills:
 + Level 3.0 Dodging
 + Level 4.8 Stealth
 + Level 1.5 Unarmed Combat
 + Level 2.1 Spellcasting
 + Level 5.1 Hexes
 + Level 0.4 Ice Magic


You had one spell level left.
You knew the following spells:

 Your Spells              Type           Power        Failure   Level  Hunger
a - Confusing Touch       Hex            ###.....     8%          3    ###....
b - Ensorcelled Hibernat  Hex/Ice        ##....       10%         2    ###....

Your spell library contained the following spells:

 Spells                   Type           Power        Failure   Level  Hunger
 Corona                   Hex            ###....      2%          1    #......
 Tukima's Dance           Hex            ###.....     8%          3    ###....
 Dazzling Flash           Conj/Hex       ##....       22%         3    ###....


Dungeon Overview and Level Annotations

Branches:
Dungeon (2/15)

Altars:

Annotations:
D:1 Natasha


Innate Abilities, Weirdness & Mutations

You cannot wear armour.
You are incapable of wielding weapons or throwing items.
Your paws allow you to move quietly. (Stealth)
You have sharp claws.
You have razor-sharp teeth.
You have supernaturally acute eyesight. (SInv)
You are carnivorous and can eat meat at any time.
You cover ground quickly.
You are covered in fur. (AC +1)
You have a slow metabolism.
Your sharp claws are effective at attacking unaware monsters.


Message History

Aiming: Ensorcelled Hibernation (safe; 10% risk of failure)
Press: ? - help, Shift-Dir - straight line, f/p - Natasha
Aim: Natasha (chance to defeat MR: 41%) Natasha resists with some effort.
Natasha barely misses you.
Casting: Ensorcelled Hibernation (safe; 10% risk of failure)
Confirm with . or Enter, or press ? or * to list all spells.
Aiming: Ensorcelled Hibernation (safe; 10% risk of failure)
Press: ? - help, Shift-Dir - straight line, f/p - Natasha
Aim: Natasha (chance to defeat MR: 41%) Natasha looks drowsy...
You pounce on the unaware helpless Natasha!
You claw Natasha!
Natasha is severely wounded.
Natasha casts a spell at you.
You feel yourself slow down.
You closely miss Natasha.
Natasha is severely wounded.
Natasha claws you!
Ouch! That really hurt!
You die...

..# ##'## #.†##.#
..###...# #...#.#
....#...####...#.#
........'.......)#
........'####....#
............(#...#
.....##......#...#
...#..+.......#.h#
#######.....(.#.@#
### #..(....####
..## #..g)..##
..8####......#
...#.........#
..8#.#########
..##g# .....#
.....#


You could see Natasha.

Vanquished Creatures
  2 oozes
  3 leopard geckos
  5 bats
  4 giant cockroaches (D:1)
  6 goblins
  3 hobgoblins (D:1)
  3 frilled lizards
  4 kobolds (D:1)
  2 rats
32 creatures vanquished.

Notes
Turn   | Place    | Note
-------+----------+-------------------------------------------
     0 | D:1      | An17 the Felid Enchanter began the quest for the Orb.
     0 | D:1      | Reached XP level 1. HP: 7/7 MP: 4/4
   356 | D:1      | Reached XP level 2. HP: 11/11 MP: 6/6
   360 | D:1      | Learned a level 2 spell: Ensorcelled Hibernation
   979 | D:1      | Reached skill level 5 in Hexes
   979 | D:1      | Reached XP level 3. HP: 13/14 MP: 7/7
   984 | D:1      | Learned a level 3 spell: Confusing Touch
  1473 | D:2      | Noticed Natasha
  1514 | D:1      | Slain by Natasha

Levels and vault maps discovered:
D:1:      mrwooster_arrival_statue_2, layout_basic
D:2:      layout_rooms, minmay_hexomino_f4, uniq_sigmund, uniq_natasha

Skill      XL: |  1  2  3 |
---------------+----------+-----
Hexes          | 5 |  5.1
Dodging        | 3 |  3.0
Stealth        | |  4.8
Unarmed Combat | |  1.5
Spellcasting   | |  2.1
Ice Magic      | |  0.4

Action                   || total
-------------------------++-------
Melee: Unarmed           ||   114
       Bite              ||     7
       Punch             ||     1
 Cast: Corona            ||     5
       Ensorcelled Hiber ||    14
  Use: Scroll            ||     4
 Stab: Sleeping          ||    13
  Eat: Chunk             ||     4
Armor: Skin              ||     6
Dodge: Dodged            ||    99

Table legend:
 A = Non-vault XP
 B = Vault XP
 C = Vault XP percentage of total XP
 D = Non-vault monster count
 E = Vault monster count
 F = Vault count percentage of total count
                 A         B        C        D         E       F
            +---------+---------+-------+---------+---------+-------
      Total |      62 |       5 |   7.5 |      29 |       3 |   9.4
            +---------+---------+-------+---------+---------+-------
        D:1 |      48 |       0 |   0.0 |      24 |       0 |   0.0
        D:2 |      14 |       5 |  26.3 |       5 |       3 |  37.5
            +---------+---------+-------+---------+---------+-------
